 BcadrenCrawl: Boulder Brew version 0.06-688-g08e91b2d95 (webtiles) character file.

Game seed: 4955606543200923470

98 pipel the Firebug (level 4, 0/4 HPs) Fairy Fire Elementalist. Began on Dec 24, 2022. Shot themself with a searing ray (1 damage) ... on level 1 of the Dungeon. The game lasted 00:04:31 (775 turns).

pipel the Firebug (Fairy Fire Elementalist)          Turns: 775, Time: 00:04:31

Health: 0/4        AC:  0    Str:  2    XL:     4 ^: 56
Magic:  2/3        EV: 21    Int: 18    God:
Gold:   39         SH:  0    Dex: 18    Spells: 4/11 levels left

rFire    . . .     Slash    +   e - amulet of magic regeneration (curse) {(Curse: Slay-6)}
rCold    . . .     Pierce   +
rNeg     . . .     Bludgeon +
rCorr    . . .     Vision   .
rPois    .         Gourm    .
rElec    .         Faith    .
MR       .....     Spirit   .
HPRegen  0.11/turn Reflect  .
MPRegen  0.38/turn Harm     .
Stlth    +.........

@: glowing, slow
A: tiny, no armour or weapons, only one jewelry slot, no melee attacks, fairy
magic, fairy shield, decreased potion and divine healing, unfitting armour,
flight, slowness 1, fairy light 1, insubstantial
a: Fly


You were on level 1 of the Dungeon.
You were not hungry.

You visited 1 branch of the dungeon, and saw 2 of its levels.

You collected 39 gold pieces.

Inventory:

Jewellery
 e - a cursed amulet of magic regeneration (around core) {(Curse: Slay-6)}
 h - an uncursed ring of protection from magic
 k - a cursed ring of protection from magic {(Curse: rF-)}
 l - an uncursed amulet of guardian spirit
Scrolls
 d - 2 scrolls of teleportation
 f - a scroll of fear
 g - 2 scrolls of blinking
Potions
 a - a potion of haste
 i - a potion of brilliance
 j - a potion of beneficial mutation
 m - a potion of curing
Comestibles
 b - 5 rations
 c - 4 chunks of flesh


   Skills:
 + Level 3.0 Dodging
 - Level 1.4 Stealth
 + Level 4.0 Spellcasting
 + Level 4.6 Fire Magic


You had 4 spell levels left.
You knew the following spells:

 Your Spells              Type           Power        Failure   Level  Hunger
a - Foxfire               Fire           20 (25)      2%          1    0
b - Searing Ray Fire 20 (50) 3% 2 8-48 c - Sticky Flame Fire/Pois      12 (100)     50%         4    128-228

Your spell library contained the following spells:

 Spells                   Type           Power        Failure   Level  Hunger
 Conjure Flame Fire 20 (100) 6% 3 48-108 Inner Flame Hex/Fire 12 (100) 17% 3 48-108 Fireball Fire           20 (200)     52%         5    248-408


Dungeon Overview and Level Annotations

Branches:
Dungeon (2/8)

Altars:


Innate Abilities, Weirdness & Mutations

You are too small to use any gear.
You can wear a single ring or amulet completely around your body.
You are incapable of melee of any kind.
Your magic reserves are extremely low but spells that normally cost one mana are free and all other spells cost one mana.
You are extremely frail but all attacks that strike you do exactly one damage.
The effect of potions and godly healing effects is reduced to match your tiny health and magic reserves.
You are able to fly continuously.
You cover ground slowly.
You exude a bright light in a small radius around yourself.
Your insubstantial form grants resistance to all physical attack and full immunity to sticky flames, nets and constriction. (rPhysical+)


Message History

The searing ray hits you (5). That beam is likely to hit you.
Continue anyway?
The searing ray hits you (11)!
The big kobold is engulfed in a cloud of scalding steam (3).
The big kobold hits you (3).
You enter the shallow water.
Moving in this stuff is going to be slow.
The big kobold hits you (3).
* * * LOW HITPOINT WARNING * * *
Casting: Searing Ray (safe; 3% risk of failure)
Confirm with . or Enter, or press ? or * to list all spells.
Aiming: Searing Ray (safe; 3% risk of failure)
Press: ? - help, Shift-Dir - straight line, f/p - big kobold
Aim: a big kobold, wearing a cursed amulet of reflection {(Curse: MR-)} (93%, 93% to-hit, moderately wounded (18/28), 61% (Melee), haloed)
The searing ray reflects off an invisible shield around the big kobold!
The searing ray misses you. (Press . to maintain the ray.) That beam is likely to hit you.
Continue anyway?
The searing ray hits you (6).
You die...

.# #.).......###..# #.. .#
#........)##...# #.. .#
###.####.........# #.. .###
###.............#..# #.. ...#
#...##.####..##....###.. ##.###
#.#....# ##.###.....##÷
#...#####.#.#### #........÷....
###...........#####≈#...##.###..
####.####.#).@K≈>≈...###.# #..
######.####.#..####≈.#..#..# #..
##.................#.###.#.## #..
...###.....#######.#.# #...## #..
..## #.#.### #####...####...# ##.
..# #.#.# #........# ##..# ##
†.####.#.#####..#####.# #..### #
..#......#...#..#...#.####....###
.........#...#..#...#......##...#


You could see a big kobold.

Vanquished Creatures
  3 giant cockroaches (D:1)
  An adder (D:1)
  An ooze (D:1)
  2 dart slugs (D:1)
  2 leopard geckos (D:1)
  6 goblins (D:1)
  4 hobgoblins (D:1)
  7 kobolds (D:1)
  7 bats (D:1)
  3 rats (D:1)
36 creatures vanquished.

Vanquished Creatures (others)
  70 foxfires
  A withered plant (D:2)
71 creatures vanquished.

Grand Total: 107 creatures vanquished

Notes
Turn   | Place    | Note
-------+----------+-------------------------------------------
     0 | D:1      | pipel the Fairy Fire Elementalist began the quest for the
                  | Orb.
     0 | D:1      | Reached XP level 1. HP: 3/3 MP: 3/3
    53 | D:1      | Reached XP level 2. HP: 3/3 MP: 3/3
    63 | D:1      | Learned a level 2 spell: Searing Ray
   130 | D:1      | Reached XP level 3. HP: 4/4 MP: 3/3
   137 | D:1      | Learned a level 4 spell: Sticky Flame
   207 | D:1      | Reached XP level 4. HP: 3/4 MP: 3/3
   758 | D:2      | Noticed a big kobold
   775 | D:1      | Shot themself with a searing ray

Illustrated notes

Levels and vault maps discovered:
D:1:      dpeg_arrival_houses_and_road, layout_rooms, first_ration,
          gup_sewer_entry_glass
D:2:      layout_sewer, sewer_frog_spiral, nrook_mini_backslash, uniq_natasha,
          uniq_purgy

Skill      XL: |  1  2  3  4 |
---------------+-------------+-----
Spellcasting   | 3 4 |  4.0
Fire Magic     | 4 |  4.6
Dodging        | 3 |  3.0
Stealth        | |  1.4

Action                   |  1- 3 |  4- 6 || total
-------------------------+-------+-------++-------
 Cast: Foxfire           |    29 |    18 ||    47
       Searing Ray       |     3 |    12 ||    15
Dodge: Dodged            |     6 |     2 ||     8
